General information
- name: BNet
- type: Ladder team game (AT/RT)
- host: Battle.net
- saver: DEUSDaRkJaWs
map: Cherryville
- players: 8
- length: 24:01
- speed: Fast
- version: 1.24 W3XP
- replay type: Public
» download(163 KB)
Players
team 1 (winner)
DEUSDaRkJaWs (
blue | 227 APM | 5455 actions | 24:01)
9 Crypt Lord
3 Carrion Beetles
3 Spiked Carapace
1 Locust Swarm
2 Impale
» actions
| Assign group hotkey | 32 | |
| Basic commands | 106 | |
| Build / train | 89 | |
| Enter build submenu | 25 | |
| Enter hero's abilities submenu | 9 | |
| Give item / drop item | 1 | |
| Right click | 1163 | |
| Select / deselect | 741 | |
| Select group hotkey | 3245 | |
| Use ability | 44 | |
5455 total
» units
| Acolyte | 23 | |
| Ghoul | 12 | |
| Meatwagon | 4 | |
| Frost Wyrm | 6 | |
45 total
» upgrades
| Unholy Strength | 2 | |
| Creature Attack | 3 | |
| Creature Carapace | 3 | |
| Exhume Corpses | 1 | |
| Freezing Breath | 1 | |
10 total
» buildings
| Graveyard | 1 | |
| Crypt | 1 | |
| Altar of Darkness | 1 | |
| Ziggurat | 9 | |
| Necropolis | 2 | |
| Tomb of Relics | 1 | |
| Halls of the Dead | 5 | |
| Slaughterhouse | 3 | |
| Sacrificial Pit | 1 | |
| Black Citadel | 1 | |
| Spirit Tower | 3 | |
| Boneyard | 3 | |
31 total
» build order
00:06 Graveyard
00:08 Crypt
00:40 Altar of Darkness
00:56 Ziggurat
01:41 Necropolis
02:06 Tomb of Relics
02:37 Halls of the Dead
02:37 Halls of the Dead
02:37 Halls of the Dead
02:38 Halls of the Dead
05:06 Slaughterhouse
05:07 Slaughterhouse
05:09 Slaughterhouse
05:31 Ziggurat
05:33 Ziggurat
05:48 Necropolis
06:04 Sacrificial Pit
08:34 Black Citadel
08:57 Spirit Tower
09:00 Ziggurat
09:45 Spirit Tower
11:31 Boneyard
11:34 Boneyard
11:35 Boneyard
11:57 Ziggurat
17:47 Ziggurat
17:48 Ziggurat
18:30 Spirit Tower
20:16 Ziggurat
20:17 Ziggurat
» items
| Rod of Necromancy | 1 | |
| Scroll of Town Portal | 7 | |
| Boots of Speed | 1 | |
| Orb of Corruption | 1 | |
10 total
VeryNervousNoob (
purple | 55 APM | 1322 actions | 24:00)
4 Archmage
2 Summon Water Elemental
2 Brilliance Aura
4 Mountain King
2 Storm Bolt
2 Bash
2 Paladin
1 Holy Light
1 Divine Shield
» actions
| Assign group hotkey | 26 | |
| Build / train | 74 | |
| Enter build submenu | 22 | |
| Enter hero's abilities submenu | 10 | |
| Give item / drop item | 1 | |
| Right click | 452 | |
| Select / deselect | 266 | |
| Select group hotkey | 354 | |
| Use ability | 117 | |
1322 total
» units
| Peasant | 8 | |
| Footman | 4 | |
| Spell Breaker | 4 | |
| Priest | 2 | |
| Sorceress | 1 | |
| Knight | 1 | |
20 total
» upgrades
» buildings
| Altar of Kings | 1 | |
| Barracks | 1 | |
| Farm | 7 | |
| Scout Tower | 8 | |
| Arcane Tower | 1 | |
| Keep | 1 | |
| Lumber Mill | 1 | |
| Arcane Vault | 1 | |
| Arcane Sanctum | 1 | |
| Guard Tower | 7 | |
| Castle | 1 | |
| Blacksmith | 1 | |
| Town Hall | 1 | |
32 total
» build order
00:15 Altar of Kings
00:27 Barracks
00:40 Farm
00:52 Farm
01:45 Scout Tower
02:05 Farm
02:17 Arcane Tower
02:59 Keep
03:39 Farm
04:00 Lumber Mill
05:21 Scout Tower
05:31 Arcane Vault
05:41 Arcane Sanctum
05:50 Guard Tower
06:15 Farm
07:11 Farm
08:48 Castle
08:52 Farm
10:23 Blacksmith
12:10 Scout Tower
12:56 Guard Tower
12:59 Scout Tower
13:05 Scout Tower
13:06 Scout Tower
13:07 Scout Tower
13:08 Scout Tower
13:50 Guard Tower
13:51 Guard Tower
14:37 Guard Tower
14:37 Guard Tower
22:56 Town Hall
» items
| Scroll of Regeneration | 5 | |
| Potion of Healing | 6 | |
| Potion of Lesser Invulnerability | 3 | |
| Scroll of Healing | 2 | |
| Scroll of Protection | 3 | |
| Scroll of Town Portal | 4 | |
| Orb of Fire | 1 | |
24 total

»
BMAHtEk (
orange | 64 APM | 1538 actions | 24:00)
6 Death Knight
3 Death Coil
2 Unholy Aura
1 Animate Dead
» actions
| Assign group hotkey | 32 | |
| Basic commands | 8 | |
| Build / train | 60 | |
| Enter build submenu | 19 | |
| Enter hero's abilities submenu | 6 | |
| Give item / drop item | 1 | |
| Remove unit from queue | 3 | |
| Right click | 382 | |
| Select / deselect | 455 | |
| Select group hotkey | 519 | |
| Use ability | 52 | |
1538 total
» units
| Acolyte | 2 | |
| Ghoul | 7 | |
| Crypt Fiend | 17 | |
| Abomination | 4 | |
30 total
» upgrades
| Cannibalize | 1 | |
| Web | 1 | |
| Burrow | 1 | |
| Creature Attack | 1 | |
| Disease Cloud | 1 | |
| Creature Carapace | 2 | |
| Unholy Armor | 1 | |
8 total
» buildings
| Altar of Darkness | 1 | |
| Ziggurat | 10 | |
| Crypt | 1 | |
| Nerubian Tower | 2 | |
| Graveyard | 1 | |
| Halls of the Dead | 1 | |
| Spirit Tower | 4 | |
| Tomb of Relics | 1 | |
| Slaughterhouse | 2 | |
| Black Citadel | 1 | |
24 total
» build order
00:06 Altar of Darkness
00:09 Ziggurat
00:39 Crypt
00:56 Ziggurat
01:35 Nerubian Tower
01:43 Graveyard
02:39 Ziggurat
02:44 Ziggurat
03:51 Halls of the Dead
04:27 Ziggurat
05:14 Spirit Tower
06:07 Tomb of Relics
07:36 Slaughterhouse
07:38 Slaughterhouse
07:54 Ziggurat
08:37 Black Citadel
09:34 Ziggurat
10:22 Nerubian Tower
12:49 Spirit Tower
12:51 Spirit Tower
13:20 Ziggurat
13:21 Ziggurat
14:40 Spirit Tower
21:20 Ziggurat
» items
| Scroll of Town Portal | 2 | |
| Potion of Healing | 1 | |
| Scroll of Regeneration | 1 | |
4 total

»
Gerrard38 (
red | 22 APM | 530 actions | 24:00)
5 Death Knight
2 Death Coil
3 Unholy Aura
3 Firelord
1 Summon Lava Spawn
2 Incinerate
» actions
| Basic commands | 1 | |
| Build / train | 51 | |
| Enter build submenu | 17 | |
| Enter hero's abilities submenu | 7 | |
| Right click | 238 | |
| Select / deselect | 181 | |
| Use ability | 35 | |
530 total
» units
| Acolyte | 6 | |
| Ghoul | 4 | |
| Crypt Fiend | 7 | |
| Frost Wyrm | 6 | |
| Kobold Geomancer | 1 | |
24 total
» upgrades
| Creature Attack | 3 | |
| Creature Carapace | 3 | |
| Freezing Breath | 1 | |
7 total
» buildings
| Ziggurat | 9 | |
| Altar of Darkness | 1 | |
| Crypt | 1 | |
| Graveyard | 1 | |
| Halls of the Dead | 1 | |
| Tomb of Relics | 1 | |
| Black Citadel | 1 | |
| Sacrificial Pit | 1 | |
| Nerubian Tower | 1 | |
| Spirit Tower | 2 | |
| Boneyard | 2 | |
21 total
» build order
00:15 Ziggurat
00:19 Altar of Darkness
00:38 Crypt
01:03 Graveyard
01:41 Ziggurat
02:02 Ziggurat
03:40 Halls of the Dead
04:14 Ziggurat
04:21 Tomb of Relics
04:38 Ziggurat
04:53 Ziggurat
06:58 Black Citadel
09:24 Sacrificial Pit
10:24 Nerubian Tower
10:26 Spirit Tower
10:37 Spirit Tower
11:56 Boneyard
12:01 Boneyard
12:30 Ziggurat
12:37 Ziggurat
12:40 Ziggurat
» items
| Periapt of Vitality | 1 | |
| Scroll of Town Portal | 2 | |
| Orb of Corruption | 1 | |
| Potion of Healing | 1 | |
5 total
team 2 (loser)

»
groknak (
teal | 62 APM | 1182 actions | 18:59)
4 Tauren Chieftain
1 War Stomp
2 Endurance Aura
1 Shockwave
1 Shadow Hunter
1 Hex
» actions
| Assign group hotkey | 32 | |
| Basic commands | 17 | |
| Build / train | 53 | |
| ESC pressed | 1 | |
| Enter build submenu | 22 | |
| Enter hero's abilities submenu | 5 | |
| Give item / drop item | 1 | |
| Remove unit from queue | 1 | |
| Right click | 367 | |
| Select / deselect | 222 | |
| Select group hotkey | 404 | |
| Use ability | 57 | |
1182 total
» units
| Peon | 14 | |
| Grunt | 3 | |
| Troll Headhunter/Berserker | 9 | |
26 total
» upgrades
| Melee Weapons | 1 | |
| Armor | 2 | |
| Berserker Strength | 1 | |
| Ranged Weapons | 2 | |
| Spiked Barricades | 0 | |
6 total
» buildings
| Altar of Storms | 2 | |
| Orc Burrow | 4 | |
| Barracks | 4 | |
| Voodoo Lounge | 2 | |
| War Mill | 1 | |
| Stronghold | 2 | |
| Great Hall | 5 | |
| Spirit Lodge | 2 | |
| Fortress | 2 | |
24 total
» build order
00:15 Altar of Storms
00:21 Orc Burrow
00:35 Barracks
01:26 Orc Burrow
01:46 Voodoo Lounge
02:12 War Mill
03:49 Stronghold
04:20 Orc Burrow
06:21 Great Hall
07:14 Spirit Lodge
07:35 Fortress
08:56 Great Hall
09:23 Great Hall
09:26 Great Hall
09:41 Orc Burrow
11:28 Great Hall
11:32 Altar of Storms
11:36 Barracks
11:50 Voodoo Lounge
13:40 Stronghold
14:06 Barracks
15:18 Barracks
16:03 Fortress
16:05 Spirit Lodge
» items
| Lesser Clarity Potion | 2 | |
| Healing Salve | 4 | |
| Scroll of Town Portal | 1 | |
| Dust of Appearance | 1 | |
8 total
DominikPOL85 (
pink | 32 APM | 601 actions | 18:44)
3 Mountain King
2 Storm Bolt
1 Thunder Clap
2 Paladin
1 Holy Light
1 Divine Shield
» actions
| Assign group hotkey | 17 | |
| Build / train | 46 | |
| Enter build submenu | 20 | |
| Enter hero's abilities submenu | 5 | |
| Remove unit from queue | 2 | |
| Right click | 239 | |
| Select / deselect | 105 | |
| Select group hotkey | 123 | |
| Use ability | 44 | |
601 total
» units
» upgrades
| Lumber Harvesting | 2 | |
| Storm Hammers | 1 | |
| Swords | 2 | |
| Armor | 3 | |
8 total
» buildings
| Altar of Kings | 1 | |
| Farm | 9 | |
| Lumber Mill | 1 | |
| Keep | 2 | |
| Scout Tower | 2 | |
| Guard Tower | 2 | |
| Blacksmith | 2 | |
| Castle | 1 | |
| Gryphon Aviary | 2 | |
| Arcane Vault | 2 | |
24 total
» build order
00:06 Altar of Kings
00:08 Farm
00:45 Lumber Mill
02:10 Keep
02:10 Keep
02:13 Scout Tower
02:28 Farm
02:39 Guard Tower
02:42 Scout Tower
03:11 Guard Tower
03:24 Blacksmith
04:32 Castle
05:18 Gryphon Aviary
05:28 Gryphon Aviary
06:11 Farm
06:45 Blacksmith
07:11 Farm
08:02 Farm
08:07 Arcane Vault
08:58 Farm
10:56 Farm
12:02 Farm
13:19 Farm
15:38 Arcane Vault
» items
| Scroll of Regeneration | 2 | |
| Scroll of Town Portal | 1 | |
3 total
arifkula (
yellow | 15 APM | 359 actions | 24:00)
1 Firelord
1 Summon Lava Spawn
1 Blood Mage
1 Banish
» actions
| Build / train | 29 | |
| Enter build submenu | 15 | |
| Enter hero's abilities submenu | 2 | |
| Right click | 133 | |
| Select / deselect | 158 | |
| Use ability | 22 | |
359 total
» units
| Wisp | 2 | |
| Archer | 10 | |
| Huntress | 1 | |
| Glaive Thrower | 1 | |
| Knight | 2 | |
| Wind Rider | 2 | |
| Raider | 1 | |
| Kodo Beast | 1 | |
| Peasant | 2 | |
22 total
» buildings
| Ancient of War | 1 | |
| Moon Well | 2 | |
| Altar of Elders | 1 | |
| Hunter's Hall | 1 | |
| Arcane Tower | 1 | |
| Beastiary | 1 | |
| Ancient Protector | 3 | |
| War Mill | 1 | |
| Watch Tower | 1 | |
| Altar of Kings | 1 | |
13 total
» build order
00:14 Ancient of War
01:31 Moon Well
01:41 Altar of Elders
01:48 Moon Well
02:39 Hunter's Hall
11:55 Arcane Tower
19:22 Beastiary
19:39 Ancient Protector
19:44 Ancient Protector
19:50 Ancient Protector
20:39 War Mill
22:00 Watch Tower
23:02 Altar of Kings
» items
| Potion of Mana | 1 | |
| Scroll of Town Portal | 1 | |
| Ivory Tower | 1 | |
3 total
MucCx310 (
green | 56 APM | 918 actions | 16:19)
3 Pandaren Brewmaster
1 Breath of Fire
2 Drunken Brawler
1 Blood Mage
1 Flame Strike
» actions
| Assign group hotkey | 8 | |
| Build / train | 47 | |
| Enter build submenu | 22 | |
| Enter hero's abilities submenu | 4 | |
| Right click | 383 | |
| Select / deselect | 263 | |
| Select group hotkey | 159 | |
| Use ability | 32 | |
918 total
» units
| Peasant | 13 | |
| Rifleman | 8 | |
| Sorceress | 2 | |
| Priest | 3 | |
26 total
» upgrades
| Gunpowder | 3 | |
| Priest Training | 1 | |
| Long Rifles | 1 | |
| Sorceress Training | 1 | |
| Lumber Harvesting | 1 | |
| Armor | 1 | |
8 total
» buildings
| Altar of Kings | 1 | |
| Farm | 9 | |
| Blacksmith | 1 | |
| Lumber Mill | 1 | |
| Barracks | 2 | |
| Keep | 1 | |
| Arcane Vault | 1 | |
| Arcane Sanctum | 2 | |
| Town Hall | 2 | |
| Castle | 1 | |
21 total
» build order
00:10 Altar of Kings
00:28 Farm
00:48 Blacksmith
01:10 Farm
01:33 Lumber Mill
02:32 Barracks
02:42 Barracks
02:56 Farm
03:30 Keep
03:43 Farm
04:36 Farm
05:06 Arcane Vault
06:25 Farm
06:30 Arcane Sanctum
07:40 Arcane Sanctum
07:58 Town Hall
08:51 Farm
11:36 Castle
14:09 Town Hall
14:12 Farm
14:18 Farm
» items
| Scroll of Regeneration | 1 | |
| Scroll of Town Portal | 1 | |
2 total
Chat log
(00:13 / Allies) DEUSDaRkJaWs: going cl/wagons/wyrms
(00:22 / Allies) DEUSDaRkJaWs: they didnt have an orc did they?
(00:23 / Allies) BMAHtEk: fiends and abos
(00:24 / Allies) Gerrard38: fr
(00:27 / Allies) DEUSDaRkJaWs: USA
(00:30 / Allies) BMAHtEk: ger
(00:31 / Allies) DEUSDaRkJaWs: USA
(00:33 / Allies) DEUSDaRkJaWs: USA #1
(00:34 / Allies) VeryNervousNoob: pol
(01:14 / Allies) BMAHtEk: hope for no orc..
(01:18 / Allies) DEUSDaRkJaWs: same here
(01:19 / Allies) BMAHtEk: or we need spellbreaker
(01:24 / Allies) DEUSDaRkJaWs: no just mass air
(01:25 / Allies) DEUSDaRkJaWs: everyone
(01:28 / Allies) DEUSDaRkJaWs: wyrms
(01:29 / Allies) DEUSDaRkJaWs: all
(01:29 / Allies) Gerrard38: just make a frost tower...
(01:30 / Allies) VeryNervousNoob: me casts
(01:30 / Allies) BMAHtEk: or so
(04:13 / Allies) BMAHtEk: ...
(08:46 / Allies) DEUSDaRkJaWs: he cant rebuild
(08:47 / Allies) DEUSDaRkJaWs: gg
(08:48 / Allies) DEUSDaRkJaWs: nor e
(08:56 / Allies) BMAHtEk: ?
(09:05 / Allies) DEUSDaRkJaWs: i killed
(09:07 / Allies) DEUSDaRkJaWs: gg no fucdking re
(09:13 / Allies) BMAHtEk: k^^
(09:17 / Allies) DEUSDaRkJaWs: and he cant rebuild
(09:19 / Allies) DEUSDaRkJaWs: because of shade
(10:27 / Allies) DEUSDaRkJaWs: get ready to tp
(11:33 / Allies) BMAHtEk: ^^
(11:49 / Allies) BMAHtEk: abos will come
(12:50 / Allies) DEUSDaRkJaWs: tp
(12:51 / Allies) DEUSDaRkJaWs: who has AA
(12:53 / Allies) BMAHtEk: zp
(12:55 / Allies) BMAHtEk: mre
(12:59 / Allies) BMAHtEk: tp
(13:58 / Allies) DEUSDaRkJaWs: no he weak
(13:59 / Allies) DEUSDaRkJaWs: nothing
(14:02 / Allies) DEUSDaRkJaWs: to kill
(14:10 / Allies) BMAHtEk: next?
(14:12 / Allies) DEUSDaRkJaWs: gop
(14:13 / Allies) Gerrard38: lol
(14:14 / Allies) DEUSDaRkJaWs: do something
(14:15 / Allies) DEUSDaRkJaWs: anything
(15:23 / Allies) DEUSDaRkJaWs: money now
(15:24 / Allies) DEUSDaRkJaWs: fast
(15:24 / Allies) DEUSDaRkJaWs: fast
(15:28 / Allies) DEUSDaRkJaWs: i can kill teal
(15:49 / Allies) VeryNervousNoob: b
(15:50 / Allies) VeryNervousNoob: b
(15:57 / Allies) BMAHtEk: very ba
(15:58 / Allies) BMAHtEk: d
(17:13 / Allies) VeryNervousNoob: go!!!
(17:15 / All) groknak: so useless team
(17:18 / All) groknak: pink has no tp
(17:24 / All) groknak: yellow has 23 food points used
(17:29 / All) groknak: green j ust leaves
(17:34 / All) DEUSDaRkJaWs: and u got killed
(17:35 / All) DEUSDaRkJaWs: righta way
(17:36 / All) DEUSDaRkJaWs: by me
(17:40 / All) groknak: yep
(17:46 / All) groknak: you had funny technique
(17:51 / All) DEUSDaRkJaWs: i'm betting
(17:54 / All) DEUSDaRkJaWs: you didnt see my necropolis
(17:57 / All) DEUSDaRkJaWs: below your base
(18:02 / All) groknak: :)
(18:03 / All) groknak: nope
(18:18 / All) groknak: works in these noob games
(18:23 / All) DEUSDaRkJaWs: no works in all 4v4
(18:30 / All) groknak: really?
(18:34 / All) DEUSDaRkJaWs: if u have good allies
(18:35 / All) DEUSDaRkJaWs: yes
(18:38 / All) groknak: sure
(18:42 / All) groknak: good allies is the key
(18:45 / All) DEUSDaRkJaWs: well if ur playing AT
(18:48 / All) DEUSDaRkJaWs: u dont play with noobs
(18:52 / All) groknak: true
(19:30 / All) BMAHtEk: gg level 2..
(20:01 / All) BMAHtEk: level 1 hero?
(20:37 / All) BMAHtEk: ohh thats really.. we give up xD
(22:51 / All) BMAHtEk: ohh we will give up you too strong
(23:55 / All) BMAHtEk: stupid kiddie..